 Dungeon Crawl Stone Soup version 0.29.1-1-gd02db6906a (webtiles) character file.

Game seed: 3151746142050320481

28 RascalDebosk the Chopper (level 3, 31/33 HPs)
             Began as a Hill Orc Monk on Sept 19, 2022.
             Quit the game on level 1 of the Dungeon on Sept 25, 2022.
             The game lasted 00:07:18 (588 turns).

RascalDebosk the Chopper (Hill Orc Monk)             Turns: 588, Time: 00:07:19

Health: 31/33      AC:  8    Str: 15    XL:     3   Next: 12%
Magic:  4/4        EV:  7    Int: 10    God:
Gold:   45         SH:  0    Dex: 13    Spells: 2/2 levels left

rFire   . . .      SeeInvis .   a - +0 hand axe
rCold   . . .      Faith    .   (no shield)
rNeg    . . .      Spirit   .   k - +0 chain mail
rPois   .          Reflect  .   (no helmet)
rElec   .          Harm     .   (no cloak)
rCorr   .          Rampage  .   (no gloves)
Will    .....                   (no boots)
Stlth   ..........              (no amulet)
HPRegen 0.11/turn               (no ring)
MPRegen 0.09/turn               (no ring)

@: no status effects
A: no striking features
a: no special abilities


You were on level 1 of the Dungeon.
You visited 1 branch of the dungeon, and saw 1 of its levels.

You collected 45 gold pieces.

Inventory:

Hand Weapons
 a - a +0 hand axe (weapon)
Missiles
 g - a throwing net (quivered) {@!f}
Armour
 b - a +0 robe
 k - a +0 chain mail (worn)
Scrolls
 f - a scroll of enchant weapon {unknown}
 i - a scroll of butterflies {unknown}
 j - 2 scrolls of amnesia {unknown}
 l - 2 scrolls of identify {unknown}
Potions
 c - a potion of ambrosia
 d - 3 potions of curing {unknown}
 e - a potion of resistance {unknown}
 h - a potion of attraction {unknown}


   Skills:
 + Level 3.9 Fighting
 + Level 4.3 Axes
 + Level 0.9 Throwing
 + Level 1.1 Armour
 - Level 2.4 Dodging
 - Level 1.5 Stealth
 + Level 1.3 Invocations


You had 2 spell levels left.
You didn't know any spells.
Your spell library was empty.

Dungeon Overview and Level Annotations

Branches:
Dungeon (1/15)

Altars:


Message History

The jackal bites you.
The jackal bites you but does no damage.
You barely miss the jackal. You hit the ball python.
You kill the ball python!
You hit the jackal.
You kill the jackal!
The jackal bites you but does no damage. x2
The ball python barely misses you. x2
Your Armour skill increases to level 1!
You hit the jackal.
The jackal is severely wounded.
You hit the ball python.
The jackal bites you but does no damage.
The ball python bites you but does no damage.
The ball python grabs you. The ball python constricts you.
You hit the jackal.
The jackal is almost dead.
You hit the ball python.
You kill the ball python!
The jackal bites you but does no damage. x2
You barely miss the jackal.
The jackal is almost dead.
You closely miss the ball python. You barely miss the frilled lizard.
The frilled lizard barely misses you.
The ball python bites you but does no damage.
The ball python grabs you. The ball python constricts you.
The jackal bites you but does no damage.
You closely miss the jackal.
The jackal is severely wounded.
You hit the ball python.
You kill the ball python!
You closely miss the frilled lizard.
The jackal bites you but does no damage.
The frilled lizard bites you.
The jackal bites you but does no damage.
You have reached level 3!
Your experience leads to an increase in your attributes!
Increase (s)trength, (i)ntelligence, or (d)exterity?
You feel stronger. x2
You hit the jackal.
You kill the jackal!
You hit the frilled lizard.
You kill the frilled lizard!
Magic restored.
You now have 45 gold pieces (gained 12).
A quokka and a rat come into view.
The rat moves out of view.
A quokka is nearby!
A quokka is nearby!
A quokka is nearby!
Unknown command.
A quokka is nearby!
There are monsters nearby!
There are monsters nearby!
Lua error: /dgldir/rcfiles/crawl-0.29/RascalDebosk.rc:335: '' expected near 'end' Welcome back, RascalDebosk the Hill Orc Monk.
Press ? for a list of commands and other information.
Lua error: /dgldir/rcfiles/crawl-0.29/RascalDebosk.rc:335: '' expected near 'end' Welcome back, RascalDebosk the Hill Orc Monk.
Press ? for a list of commands and other information.
Lua error: /dgldir/rcfiles/crawl-0.29/RascalDebosk.rc:335: '' expected near 'end' Welcome back, RascalDebosk the Hill Orc Monk.
Press ? for a list of commands and other information.
Lua error: /dgldir/rcfiles/crawl-0.29/RascalDebosk.rc:335: '' expected near 'end' Welcome back, RascalDebosk the Hill Orc Monk.
Press ? for a list of commands and other information.
Lua error: /dgldir/rcfiles/crawl-0.29/RascalDebosk.rc:335: '' expected near 'end' Welcome back, RascalDebosk the Hill Orc Monk.
Press ? for a list of commands and other information.
Lua error: /dgldir/rcfiles/crawl-0.29/RascalDebosk.rc:335: '' expected near 'end' Welcome back, RascalDebosk the Hill Orc Monk.
Press ? for a list of commands and other information.
You barely miss the quokka.
The quokka bites you but does no damage.
You hit the quokka.
The quokka is lightly wounded.
The quokka bites you but does no damage. x2
You closely miss the quokka.
The quokka is lightly wounded.
The quokka closely misses you.
You barely miss the quokka.
The quokka is lightly wounded.
The quokka bites you but does no damage.
You hit the quokka.
The quokka is severely wounded.
The quokka bites you.
The quokka bites you but does no damage.
You completely miss the quokka.
The quokka is severely wounded.
The quokka bites you.
You barely miss the quokka.
The quokka is severely wounded.
The quokka bites you but does no damage.
You hit the quokka.
You kill the quokka!
You hit the rat.
You kill the rat!
Things that are here:
a rat corpse; a quokka corpse Are you sure you want to abandon this character and quit the game? (Confirm with "yes".)

#.###.# ...# ##......##......
#.##.. ...## ###............
#.##.####..... #............
#.##..........### #.....#......
#...............# ##............
#..##.......#.#...##....#.###...
#.###.......#...#....##...###.#.
### #..†........................
#....######@######..........
######....# #†######.......#..
..........# #......#........#.
########### ######..........#. #
###.......... # #.......... #
########### # #


There were no monsters in sight!

Vanquished Creatures
  A dart slug (D:1)
  2 endoplasms (D:1)
  A goblin (D:1)
  A hobgoblin (D:1)
  4 jackals (D:1)
  3 quokkas (D:1)
  6 ball pythons (D:1)
  A bat (D:1)
  A frilled lizard (D:1)
  4 rats (D:1)
24 creatures vanquished.

Notes
Turn   | Place    | Note
-------+----------+-------------------------------------------
     0 | D:1      | RascalDebosk the Hill Orc Monk began the quest for the Orb.
     0 | D:1      | Reached XP level 1. HP: 19/19 MP: 1/1
   147 | D:1      | Reached XP level 2. HP: 21/27 MP: 2/2
   262 | D:1      | Reached skill level 1 in Invocations
   490 | D:1      | Reached skill level 1 in Armour
   494 | D:1      | Reached XP level 3. HP: 27/33 MP: 3/3
   588 | D:1      | Quit the game

Illustrated notes

Levels and vault maps discovered:
D:1:      tarquinn_simple_flora_water_a, layout_rooms,
          shapermc_ecumenical_altar_pompeii

Skill      XL: |  1  2 |
---------------+-------+-----
Invocations    | 1 |  1.3
Armour         | 1 |  1.1
Fighting       | |  3.9
Axes           | |  4.3
Throwing       | |  0.9
Dodging        | |  2.4
Stealth        | |  1.5

Action                   || total
-------------------------++-------
Melee: Hand axe          ||    59
 Stab: Sleeping          ||     2
Armor: Robe              ||     4
       Chain mail        ||    30
Dodge: Dodged            ||    35
